 Dungeon Crawl Stone Soup version 0.22-a0-362-g535178c (webtiles) character file.

205 Amnesiac the Digger (level 5, -7/35 HPs)
             Began as a Mummy Earth Elementalist on Apr 20, 2018.
             Was a Follower of Ru.
             Killed from afar by an orc wizard (16 damage)
             ... with a puff of flame
             ... on level 3 of the Dungeon.
             The game lasted 00:03:35 (3005 turns).

Amnesiac the Digger (Mummy Earth Elementalist)      Turns: 3005, Time: 00:03:36

Health: -7/35      AC:  3    Str: 12    XL:     5   Next: 53%
Magic:  0/11       EV: 12    Int: 15    God:    Ru [*.....]
Gold:   103        SH:  0    Dex: 12    Spells: 10/13 levels left

rFire    x . .     SeeInvis .   i - +0 dagger
rCold    + . .     Gourm    .   (no shield)
rNeg     + + +     Faith    .   c - +0 robe
rPois    ∞         Spirit   .   (no helmet)
rElec    .         Reflect  .   l - +0 cloak
rCorr    .         Harm     .   (no gloves)
MR       .....                  (no boots)
Stlth    ++........             (no amulet)
HPRegen  0.11/turn              g - ring of wizardry
MPRegen  0.12/turn              (no ring)

@: no status effects
A: no food or potions, fire vulnerability, cold resistance 1, negative energy
resistance 3, torment resistance, unbreathing, hated by all
a: Renounce Religion


You were on level 3 of the Dungeon.
You worshipped Ru.
Ru was aware of your devotion.
You were not hungry.

You visited 1 branch of the dungeon, and saw 3 of its levels.

You collected 103 gold pieces.

Inventory:

Hand Weapons
 i - a +0 dagger (weapon)
Missiles
 b - 54 stones (quivered)
Armour
 c - a +0 robe (worn)
 l - a +0 cloak (worn)
Jewellery
 g - a ring of wizardry (left hand)
Scrolls
 a - 3 scrolls of teleportation {!r, unknown}
 d - 2 scrolls of remove curse {!r}
 e - a scroll of amnesia {!r, unknown}
 f - 3 scrolls of identify {!r, unknown}
 h - a scroll of magic mapping {!r, unknown}
 j - a scroll of fear {!r, unknown}
 k - a scroll of fog {!r, unknown}


   Skills:
 - Level 1.5 Dodging
 - Level 1.5 Stealth
 + Level 4.5 Spellcasting
 - Level 0.7 Transmutations
 * Level 4.5 Earth Magic


You had 10 spell levels left.
You knew the following spells:

 Your Spells              Type           Power        Failure   Level  Hunger
a - Sandblast             Erth           ###...       1%          1    N/A
b - Passwall              Tmut/Erth      ##........   3%          2    N/A

Dungeon Overview and Level Annotations

Branches:
Dungeon (3/15)

Altars:
Gozag
Makhleb
Ru
Yredelemnul


Innate Abilities, Weirdness & Mutations

You do not eat or drink.
Your flesh is vulnerable to fire.
You are immune to poison.
Your flesh is cold resistant. (rC+)
You are immune to negative energy. (rN+++)
You are immune to unholy pain and torment.
You can survive without breathing.
You are hated by all.


Message History

Aiming: Sandblast (safe; 1% risk of failure)
Press: ? - help, Shift-Dir - straight line, f/p - orc wizard
Aim: an orc wizard, wielding a dagger and wearing a robe The blast of sand hits the orc wizard.
b - 56 stones The orc wizard hits you with a dagger.
Casting: Sandblast (safe; 1% risk of failure)
Confirm with . or Enter, or press ? or * to list all spells.
You don't have enough magic to cast that spell.
Casting: Sandblast (safe; 1% risk of failure)
Confirm with . or Enter, or press ? or * to list all spells.
You don't have enough magic to cast that spell.
You closely miss the orc wizard. The orc wizard barely misses you.
You closely miss the orc wizard. The orc wizard hits you with a dagger.
You barely miss the orc wizard. The orc wizard hits you with a dagger.
Casting: Sandblast (safe; 1% risk of failure)
Confirm with . or Enter, or press ? or * to list all spells.
Aiming: Sandblast (safe; 1% risk of failure)
Press: ? - help, Shift-Dir - straight line, f/p - orc wizard
Aim: an orc wizard, wielding a dagger and wearing a robe The blast of sand hits the orc wizard.
The orc wizard is severely wounded.
b - 55 stones The orc wizard mumbles some strange words.
The orc wizard flickers and vanishes!
Deactivating autopickup; reactivate with Ctrl-A.
Casting: Sandblast (safe; 1% risk of failure)
Confirm with . or Enter, or press ? or * to list all spells.
You don't have enough magic to cast that spell.
You hit something. Something hits you.
You hit something but do no damage. Something hits you but does no damage.
You hit something.
You hear some strange, mumbled words.
You are confused.
You bump into the rock wall.
Something hits you.
You bump into the rock wall.
Something hits you.
A frilled lizard comes into view.
You're too confused to move!
You hear some strange, mumbled words.
A magic dart appears from out of thin air!
The magic dart hits you!
* * * LOW HITPOINT WARNING * * *
You bump into the rock wall.
Something hits you but does no damage.
You're too confused!
You're too confused to move!
You feel less confused. Something hits you.
* * * LOW HITPOINT WARNING * * *
Okay, then.
Casting: Sandblast (safe; 1% risk of failure)
Confirm with . or Enter, or press ? or * to list all spells.
Aiming: Sandblast (safe; 1% risk of failure)
Press: ? - help, Shift-Dir - straight line, f - frilled lizard
Aim: a frilled lizard The blast of sand hits the frilled lizard.
You kill the frilled lizard!
b - 54 stones Something hits you.
* * * LOW HITPOINT WARNING * * *
You barely miss something.
You hear some strange, mumbled words.
A puff of flame appears from out of thin air!
The puff of flame hits you! The fire burns you terribly!
You die...

#.###.......#.#
#.##..........#
#.#.......#####
#.###.###########
.................
#####.#..########
#...........#
###.####.####.#####.#...
....####.####..[@{.†....
###.##.....##†#####.#...
....##.....##...
........_....o.#
....##.....##...
....##.....##o###.#
....####.####.. ...
....####.####. #.##
..........o... '..


There were no monsters in sight!

Vanquished Creatures
  A sky beast (D:3)
  A hound (D:2)
  An orc wizard (D:3)
  An adder (D:2)
  An ooze (D:1)
  An adder skeleton (D:3)
  2 dart slugs
  2 leopard geckos (D:1)
  2 orcs (D:3)
  8 bats
  2 giant cockroaches
  2 goblins (D:1)
  7 hobgoblins
  4 kobolds
  2 ball pythons
  6 frilled lizards
  4 rats
47 creatures vanquished.

Notes
Turn   | Place    | Note
-------+----------+-------------------------------------------
     0 | D:1      | Amnesiac the Mummy Earth Elementalist began the quest for the Orb.
     0 | D:1      | Reached XP level 1. HP: 13/13 MP: 4/4
    45 | D:2      | Reached XP level 2. HP: 5/19 MP: 0/5
    98 | D:2      | Learned a level 2 spell: Passwall
   504 | D:2      | Found a burning altar of Makhleb.
   508 | D:2      | Reached XP level 3. HP: 24/24 MP: 2/8
  1179 | D:2      | Found a sacrificial altar of Ru.
  1241 | D:2      | Became a worshipper of Ru the Awakened
  1679 | D:1      | Reached XP level 4. HP: 30/30 MP: 8/10
  2283 | D:2      | Gained mutation: You are hated by all. [Ru sacrifice]
  2283 | D:2      | Reached * piety under Ru
  2763 | D:3      | Found an opulent altar of Gozag.
  2889 | D:3      | Noticed a sky beast
  2890 | D:3      | Found a basalt altar of Yredelemnul.
  2911 | D:3      | Killed a sky beast
  2911 | D:3      | Reached XP level 5. HP: 26/35 MP: 2/11
  3005 | D:3      | Killed from afar by an orc wizard

Vault maps used:
D:1:      dpeg_arrival_fog, minmay_misc_feat_alley
D:2:      nicolae_ru_sacrificial_ziggurat, makhleb_heckhound_becter,
          first_ration
D:3:      nicolae_overflow_crystal_walls, old_standard_altar, marbit_many_paths

Skill      XL: |  1  2  3  4 |
---------------+-------------+-----
Earth Magic    | 3 4 |  4.5
Spellcasting   | 4 |  4.5
Dodging        | |  1.5
Stealth        | |  1.5
Transmutations | |  0.7

Action                   |  1- 3 |  4- 6 || total
-------------------------+-------+-------++-------
Melee: Whip              |    13 |       ||    13
       Unarmed           |    30 |       ||    30
       Dagger            |       |    44 ||    44
 Cast: Sandblast         |    27 |    41 ||    68
Invok: Sacrifice Love    |       |     1 ||     1
  Use: Scroll            |     1 |       ||     1
 Stab: Distracted        |     1 |       ||     1
       Sleeping          |       |     1 ||     1
Armor: Robe              |     8 |     4 ||    12
Dodge: Dodged            |    25 |    28 ||    53

Table legend:
 A = Spawn XP
 B = Non-spawn XP
 C = Spawn XP percentage of total XP
 D = Spawn monster count
 E = Non-spawn monster count
 F = Spawn count percentage of total count
 G = Total turns spent on level
                    A         B        C        D         E        F      G
               +---------+---------+-------+---------+---------+-------+---------
         Total |       0 |     294 |   0.0 |       0 |      47 |   0.0 |  3005
               +---------+---------+-------+---------+---------+-------+---------
           D:1 |       0 |      50 |   0.0 |       0 |      25 |   0.0 |   943
           D:2 |       0 |      73 |   0.0 |       0 |      12 |   0.0 |  1260
           D:3 |       0 |     171 |   0.0 |       0 |      10 |   0.0 |   802
               +---------+---------+-------+---------+---------+-------+---------
